 Dungeon Crawl Stone Soup version 0.31.0-32-g396128a36d (webtiles) character file.

Game seed: 4172906133365544003

255 mainiacjoe the Ducker (level 6, -6/43 HPs)
             Began as an Octopode Berserker on Mar 30, 2024.
             Was a Priest of Trog.
             Mangled by a mummy (10 damage)
             ... in an ossuary.
             The game lasted 00:06:20 (2456 turns).

mainiacjoe the Ducker (Octopode Berserker)          Turns: 2456, Time: 00:06:21

Health: -6/43      AC:  1    Str: 17    XL:     6   Next: 15%
Magic:  6/6        EV: 14    Int:  9    God:    Trog [***...]
Gold:   163        SH:  0    Dex: 13    Spells: 5/5 levels left

rFire   . . .        a - +0 hand axe
rCold   . . .        (no shield)
rNeg    . . .        (helmet restricted)
rPois   .            (no amulet)
rElec   .            (no ring)
rCorr   .            (no ring)
SInv    .            (no ring)
Will    .....        (no ring)
Stlth   +++          (no ring)
HPRegen 0.27/turn    (no ring)
MPRegen 0.10/turn    (no ring)
                     (no ring)

%: no passive effects
@: no status effects
A: almost no armour, amphibious, 8 rings, camouflage 1, gelatinous body 1,
(nimble swimmer 1), tentacles
a: Renounce Religion, Berserk, Trog's Hand


You were in an ossuary.
You worshipped Trog.
Trog was most pleased with you.
You visited 2 branches of the dungeon, and saw 5 of its levels.
You also visited: Ossuary.

You collected 163 gold pieces.

Inventory:

Hand Weapons
 a - a +0 hand axe (weapon)
 b - a +1 longbow
 o - a +0 sling
Missiles
 l - 12 stones
Armour
 d - an orb of light
Jewellery
 g - a ring of fire
Wands
 i - a wand of paralysis (7)
Scrolls
 e - a scroll of vulnerability
 q - a scroll of blinking
Potions
 c - 2 potions of attraction
 f - a potion of might {unknown}
 h - a potion of invisibility {unknown}
 j - a potion of mutation {unknown}
 k - a potion of haste {unknown}
 m - a potion of cancellation {unknown}
 n - a potion of heal wounds {unknown}
 p - a potion of curing {unknown}


   Skills:
 + Level 3.7 Fighting
 - Level 3.6 Axes
 * Level 2.4 Ranged Weapons
 * Level 4.5 Dodging
 + Level 3.2 Stealth


You had 5 spell levels left.
You didn't know any spells.
Your spell library contained the following spells:

 Spells                   Type           Power      Damage    Failure   Level
 Magic Dart               Conj           0%         1d3       38%         1
 Blink                    Tloc           0%         N/A       52%         2
 Call Imp                 Summ           0%         N/A       52%         2
 Ensorcelled Hibernation  Hex/Ice        0%         N/A       52%         2
 Fugue of the Fallen      Necr           0%         N/A       77%         3
 Anguish                  Hex/Necr       0%         N/A       99%         4


Dungeon Overview and Level Annotations

Branches:
Dungeon (4/15)             Temple (1/1) D:4         Ossuary (1/1)

Altars:
Ashenzari
Dithmenos
Elyvilon
Fedhas
Kikubaaqudgha
Makhleb
Nemelex Xobeh
Okawaru
Qazlal
Trog
Uskayaw
Vehumet
Xom
Yredelemnul
Zin
The Shining One

Annotations:
D:4 2 exclusions


Innate Abilities, Weirdness & Mutations

You cannot wear most types of armour.
You are amphibious.
You can wear up to eight rings at the same time.
Your skin changes colour to match your surroundings (Stealth+).
Your rubbery body absorbs attacks. (AC +1, EV +1)
((You are camouflaged when in or above water. (Stealth+)))
You have tentacles for arms and can constrict up to eight enemies at once.


Message History

There is an open door here.
There is an open door here.
Found a ring mail.
You see here a +0 ring mail.
Found a hand axe.
Found a sand-covered staircase.
There is an empty arch of ancient stone here.
There is a sand-covered staircase here.
You start resting.
You hear the brisk hiss of an avalanche of sand.
You start resting.
HP restored.
The world spins around you as you enter the gateway.
You enter an ossuary!
Found a gate leading back out of this place.
There is an empty arch of ancient stone here.
You shoot an arrow. The arrow hits the scorpion zombie.
The scorpion zombie is lightly damaged.
You shoot an arrow. The arrow hits the scorpion zombie!
The scorpion zombie is heavily damaged.
The scorpion zombie hits you.
You shoot an arrow. The arrow hits the scorpion zombie!
The scorpion zombie is almost destroyed.
You shoot an arrow. The arrow completely misses the mummy.
The mummy hits you. The scorpion zombie hits you.
You shoot an arrow.
The arrow barely misses the scorpion zombie.
The scorpion zombie hits you. The mummy closely misses you. The mummy hits you.
The scorpion zombie hits you but does no damage.
You shoot an arrow.
The arrow barely misses the scorpion zombie.
The mummy misses you. The mummy hits you!
The scorpion zombie hits you but does no damage.
You are too injured to fight recklessly!
You are too injured to fight recklessly!
You are too injured to fight recklessly!
a - a +0 hand axe (weapon)
The mummy hits you!
* * * LOW HITPOINT WARNING * * *
The mummy hits you!
You die...

###
#..######
##.Z....#
#..M@.∩.+
##.M....#
#..######
###


You could see 2 mummies and a scorpion zombie.

Vanquished Creatures
  A hound (D:4)
  An orc priest (D:4)
  A bombardier beetle (D:3)
  An orc wizard (D:4)
  3 gnolls (D:2)
  2 adders
  3 dart slugs
  4 ribbon worms
  9 orcs
  6 ball pythons
  3 endoplasms
  2 giant cockroaches (D:1)
  7 goblins
  11 hobgoblins
  3 jackals (D:3)
  2 quokkas (D:1)
  3 bats
  4 kobolds
  5 rats
71 creatures vanquished.

Notes
Turn   | Place    | Note
-------+----------+-------------------------------------------
     0 | D:1      | mainiacjoe the Octopode Berserker began the quest for the
                  | Orb.
     0 | D:1      | Reached XP level 1. HP: 16/16 MP: 1/1
   116 | D:1      | Reached XP level 2. HP: 21/21 MP: 2/2
   203 | D:1      | Reached skill level 1 in Stealth
   517 | D:1      | Reached ** piety under Trog
   518 | D:1      | Reached XP level 3. HP: 26/26 MP: 3/3
  1155 | D:2      | Reached XP level 4. HP: 31/31 MP: 4/4
  1709 | D:3      | Reached skill level 1 in Ranged Weapons
  1903 | D:3      | Reached skill level 4 in Dodging
  1918 | D:3      | Reached XP level 5. HP: 36/36 MP: 5/5
  2131 | D:4      | Found a glowing silver altar of Zin.
  2174 | D:4      | Reached *** piety under Trog
  2192 | D:4      | Found a staircase to the Ecumenical Temple.
  2223 | Temple   | Entered the Ecumenical Temple
  2350 | D:4      | Reached XP level 6. HP: 40/43 MP: 6/6
  2387 | D:4      | Found a sand-covered staircase.
  2449 | Ossuary  | Entered an ossuary
  2456 | Ossuary  | Mangled by a mummy

Illustrated notes

Levels and vault maps discovered:
D:1:      dpeg_arrival_refuge, layout_loops_ring,
          chequers_serial_rivers_micro_c, st_stairs_11, minivault_5,
          chequers_serial_rivers_micro_c
D:2:      layout_basic
D:3:      layout_basic, chequers_serial_rivers_micro_c, kennysheep_small_spiral
D:4:      layout_basic, mainiacjoe_overflow_24_doors,
          mainiacjoe_overflow_cross_hatched, general_overflow_altar,
          minmay_temple_entry_mini_moons, chequers_ossuary_entry_cave,
          minmay_distorted
Temple:   nicolae_temple_superstar
Ossuary:  ossuary_minmay_chase

Skill      XL: |  1  2  3  4  5 |
---------------+----------------+-----
Stealth        | 1 2 3 |  3.2
Ranged Weapons | 1 2 |  2.4
Dodging        | 4 |  4.5
Fighting       | |  3.7
Axes           | |  3.6

Action                     |  1- 3 |  4- 6 || total
---------------------------+-------+-------++-------
  Melee: Hand axe          |    24 |       ||    24
         Tentacles         |     5 |       ||     5
         Constrict         |     6 |       ||     6
   Fire: Longbow           |    14 |   128 ||   142
    Use: Scroll            |     2 |     6 ||     8
   Stab: Sleeping          |     1 |       ||     1
 Armour: Skin              |     9 |    37 ||    46
  Dodge: Dodged            |     9 |    38 ||    47
